 Dungeon Sprint DCSS version 0.29.1-2-gbd0b4ee654 (webtiles) character file.

Game seed: 5684966263607621371

46305 Groucho the Slayer (level 14, -19/152 HPs)
             Began as a Minotaur Fighter on Nov 13, 2022.
             Was a High Priest of Cheibriados.
             Killed from afar by a frost giant (37 damage)
             ... with a bolt of cold
             ... in the Dungeon (Sprint IX: "|||||||||||||||||||||||||||||").
             The game lasted 00:12:43 (5183 turns).

Groucho the Slayer (Minotaur Fighter)               Turns: 5183, Time: 00:12:44

Health: -19/152    AC: 27    Str: 40    XL:     14   Next: 4%
Magic:  4/25       EV: 28    Int: 25    God:    Cheibriados [*****.]
Gold:   1128       SH: 29    Dex: 27    Spells: 13/13 levels left

rFire   . . .      SeeInvis .   b - +2 broad axe (venom)
rCold   . . .      Faith    .   x - +1 tower shield
rNeg    + . .      Spirit   .   c - +2 plate armour
rPois   .          Reflect  +   (helmet restricted)
rElec   .          Harm     .   D - +1 cloak
rCorr   .          Rampage  .   a - +0 pair of gloves
Will    +....      NoTele   +   C - +1 pair of boots "Quonoumy" {Int+4}
Stlth   ..........              d - amulet "Qahium" {Reflect rN+ Int+2 SH+5}
HPRegen 0.35/turn               y - +4 ring of evasion
MPRegen 0.19/turn               r - +3 ring of strength

@: very slow
A: horns 2, retaliatory headbutt
a: Renounce Religion, Bend Time, Temporal Distortion, Slouch, Step From Time


You were in the Dungeon.
You worshipped Cheibriados.
Cheibriados was extremely pleased with you.
You visited 1 branch You collected 1942 gold pieces.
You spent 814 gold pieces at shops.

Inventory:

Hand Weapons
 b - a +2 broad axe of venom (weapon)
 n - a +1 broad axe of freezing
 o - a +2 morningstar of protection
Missiles
 k - a throwing net
 w - 6 stones
Armour
 a - a +0 pair of gloves (worn)
 c - a +2 plate armour (worn)
 x - a +1 tower shield (worn)
 C - the +1 pair of boots "Quonoumy" (worn) {Int+4}
   (You found it in the Dungeon)

   Int:       It affects your intelligence (+4).
 D - a +1 cloak (worn)
Jewellery
 d - the amulet "Qahium" (around neck) {Reflect rN+ Int+2 SH+5}
   (You bought it in a shop in the Dungeon)

   [amulet of reflection]

   It reflects blocked missile attacks.
   Int:       It affects your intelligence (+2).
   rN:        It protects you from negative energy.
   SH:        It affects your SH (+5).
 q - a ring of ice
 r - a +3 ring of strength (right hand)
 y - a +4 ring of evasion (left hand)
 z - a ring of ice
 A - a ring of protection from cold
 B - a ring of poison resistance
Wands
 m - a wand of acid (3) (quivered)
Scrolls
 j - 2 scrolls of blinking
 l - 2 scrolls of amnesia
 s - a scroll of identify
 t - a scroll of fear
 u - 4 scrolls of enchant armour
 E - 6 scrolls of enchant weapon
Potions
 e - 4 potions of curing
 f - a potion of invisibility
 g - 5 potions of haste
 h - 2 potions of magic
 i - 4 potions of berserk rage
 p - a potion of resistance
 v - a potion of flight


   Skills:
 * Level 21.9 Fighting
 - Level 18.0 Axes
 + Level 17.3 Armour
 * Level 19.4 Dodging
 + Level 16.5 Shields
 * Level 17.8 Invocations


You had 13 spell levels left.
You didn't know any spells.
Your spell library was empty.

Dungeon Overview and Level Annotations

Branches:
Dungeon (1/1)

Altars:
Cheibriados
Dithmenos
Elyvilon
Fedhas
Gozag
Hepliaklqana
Kikubaaqudgha
Makhleb
Nemelex Xobeh
Okawaru
Qazlal
Ru
Sif Muna
Trog
Uskayaw
Vehumet
Wu Jian
Xom
Yredelemnul
Zin
The Shining One
Jiyva
Lugonu

Shops:
D [*(=


Innate Abilities, Weirdness & Mutations

You have a pair of horns on your head.
You reflexively headbutt those who attack you in melee.


Message History

There is an open door to the Dungeon, spattered with blood here.
Items here: ( ) [ †.
You close the door, pushing everything out of the way.
Things that are here:
2 large rocks; a +0 long sword Blink to where?
Press: ? - help, Dir - move target
As you read the scroll of blinking, it crumbles to dust.
Blink to where?
Press: ? - help, Dir - move target
As you read the scroll of blinking, it crumbles to dust.
Aiming: Corrosive Bolt
Press: ? - help, Shift-Dir - straight line, f - frost giant
Aim: a frost giant, wielding a +1 battleaxe of freezing (98% to hit)
The bolt of acid hits the frost giant!
The acid corrodes the frost giant!
The frost giant is lightly wounded.
The frost giant gestures at you while chanting.
The bolt of cold hits you but does no damage.
Unknown command.
You feel better.
The frost giant gestures at you while chanting.
The bolt of cold hits you!!
* * * LOW HITPOINT WARNING * * *
Activating: Slouch (0% risk of failure)
Press: ? - help, Dir - look around, f - activate You can feel time thicken for a moment.
Unknown command.
Unknown command.
Activating: Slouch (0% risk of failure)
Press: ? - help, Dir - look around, f - activate You can feel time thicken for a moment.
Cheibriados lowers the support of your attributes as your movement quickens.
Unknown command.
Unknown command.
You don't have enough magic at the moment.
Unknown command.
You feel better.
The frost giant gestures at you while chanting.
The bolt of cold hits you!!!
You die...

▓...........................
▓.▓▓▓▓▓▓▓▓▓▓▓▓▓▓▓▓▓▓▓▓▓▓▓▓▓▓
▓.........'.....)))))))).[.[
▓▓▓▓▓▓▓▓▓▓▓▓▓▓▓▓▓▓▓▓▓▓▓▓▓▓▓▓
▓.........).................
▓.▓▓▓▓▓▓▓▓▓▓▓▓▓▓▓▓▓▓▓▓▓▓▓▓♣♣
▓...............'.††).)†..'.
▓▓▓▓▓▓▓▓▓▓▓▓▓▓▓▓▓▓▓▓▓▓▓▓▓▓♣♣
▓.......C..@................
▓.▓▓▓▓▓▓▓▓▓▓▓▓▓▓▓▓▓▓▓▓▓▓▓▓▓▓
▓................§+))[C)....
▓▓▓▓▓▓▓▓▓▓▓▓▓▓▓▓▓▓▓▓▓▓▓▓▓▓▓▓


You could see a frost giant (corroded).

Vanquished Creatures
  A sphinx (D)
  A frost giant (D)
  A very ugly thing (D)
  3 stone giants (D)
  A vampire knight (D)
  Nessos (D)
  A spark wasp (D)
  2 fire dragons (D)
  2 rakshasas (D)
  An ice dragon (D)
  A shambling mangrove (D)
  2 radroaches (D)
  A centaur warrior (D)
  2 hydras (D)
  A merfolk avatar (D)
  An anaconda (D)
  A jorogumo (D)
  A naga warrior (D)
  2 deep troll shamans (D)
  A tengu warrior (D)
  7 orc high priests (D)
  A deep troll earth mage (D)
  A spriggan berserker (D)
  A shock serpent (D)
  A naga sharpshooter (D)
  Nergalle (D)
  A goliath frog (D)
  A sea snake (D)
  2 steelbarb worms (D)
  A naga ritualist (D)
  A lindwurm (D)
  2 deep elf pyromancers (D)
  2 necromancers (D)
  2 orc knights (D)
  A manticore (D)
  2 ugly things (D)
  2 cyclopes (D)
  A will-o-the-wisp (D)
  A guardian serpent (D)
  A merfolk siren (D)
  A torpor snail (shapeshifter) (D)
  2 torpor snails (D)
  4 black mambas (D)
  A water nymph (D)
  5 cane toads (D)
  2 demonic crawlers (D)
  A komodo dragon (D)
  A tengu conjurer (D)
  3 freezing wraiths (D)
  A yaktaur (D)
  A rime drake (D)
  A bloated husk (D)
  2 merfolk (D)
  2 tyrant leeches (D)
  A polar bear (D)
  6 hornets (D)
  A slime creature (D)
  A snapping turtle (D)
  A culicivora (D)
  3 spriggans (D)
  A water elemental (D)
  A basilisk (D)
  A yak (D)
  Eustachio (D)
  A wyvern (D)
  A redback (D)
  A vampire mosquito (D)
  A naga (D)
  3 water moccasins (D)
  10 orc warriors (D)
  A black bear (D)
  A centaur (D)
  A kobold brigand (D)
  5 bullfrogs (D)
  A scorpion (D)
  A jelly (D)
  9 orc priests (D)
  7 orc wizards (D)
  A gnoll (D)
  An adder (D)
  An ufetubus (D)
  6 orcs (D)
  An endoplasm (D)
  A giant cockroach (D)
  A hobgoblin (D)
  A quokka (D)
  A jackal simulacrum (D)
160 creatures vanquished.

Vanquished Creatures (others)
  A hornet (D)
  An adder simulacrum (D)
2 creatures vanquished.

Grand Total: 162 creatures vanquished

Notes
Turn   | Place    | Note
-------+----------+-------------------------------------------
     0 | D        | Groucho the Minotaur Fighter began the quest for the Orb.
     0 | D        | Reached XP level 1. HP: 19/19 MP: 0/0
    17 | D        | Reached skill level 4 in Fighting
    17 | D        | Reached skill level 5 in Armour
    17 | D        | Reached XP level 2. HP: 11/28 MP: 1/1
   214 | D        | Noticed a black bear
   214 | D        | Noticed a scorpion
   219 | D        | Reached skill level 5 in Fighting
   224 | D        | Killed a black bear
   225 | D        | Reached skill level 6 in Fighting
   225 | D        | Reached skill level 5 in Axes
   225 | D        | Reached skill level 1 in Dodging
   225 | D        | Reached XP level 3. HP: 16/38 MP: 2/2
   225 | D        | Reached XP level 4. HP: 19/45 MP: 3/3
   227 | D        | Killed a scorpion
   228 | D        | Reached skill level 7 in Fighting
   228 | D        | Reached XP level 5. HP: 22/52 MP: 4/4
   732 | D        | Found a snail-covered altar of Cheibriados.
   732 | D        | Found a shadowy altar of Dithmenos.
   732 | D        | Found a white marble altar of Elyvilon.
   732 | D        | Found a blossoming altar of Fedhas.
   732 | D        | Found an opulent altar of Gozag.
   733 | D        | Found a hazy altar of Hepliaklqana.
   734 | D        | Found a viscous altar of Jiyva.
   735 | D        | Found an ancient bone altar of Kikubaaqudgha.
   736 | D        | Became a worshipper of Cheibriados the Contemplative
   737 | D        | Found a corrupted altar of Lugonu.
   738 | D        | Found a burning altar of Makhleb.
   739 | D        | Found a sparkling altar of Nemelex Xobeh.
   740 | D        | Found an iron altar of Okawaru.
   741 | D        | Found a stormy altar of Qazlal.
   742 | D        | Found a sacrificial altar of Ru.
   743 | D        | Found a shimmering blue altar of Sif Muna.
   744 | D        | Found a bloodstained altar of Trog.
   745 | D        | Found a hide-covered altar of Uskayaw.
   746 | D        | Found a radiant altar of Vehumet.
   747 | D        | Found an ornate altar of the Wu Jian Council.
   748 | D        | Found a shimmering altar of Xom.
   749 | D        | Found a basalt altar of Yredelemnul.
   750 | D        | Found a glowing silver altar of Zin.
   751 | D        | Found a glowing golden altar of the Shining One.
   799 | D        | Noticed a centaur
   799 | D        | Noticed a yak
   799 | D        | Noticed an orc warrior
   803 | D        | Killed a centaur
   804 | D        | Reached skill level 8 in Fighting
   804 | D        | Reached XP level 6. HP: 55/62 MP: 4/6
   805 | D        | Reached * piety under Cheibriados
   811 | D        | Killed a yak
   812 | D        | Reached skill level 9 in Fighting
   816 | D        | Killed an orc warrior
   817 | D        | Reached skill level 5 in Dodging
   817 | D        | Reached XP level 7. HP: 66/70 MP: 5/9
   822 | D        | Reached ** piety under Cheibriados
   969 | D        | Noticed a cyclops
   969 | D        | Noticed a cyclops
   969 | D        | Noticed a vampire mosquito
   969 | D        | Noticed a slime creature
   969 | D        | Noticed a purple ugly thing
   969 | D        | Noticed a deep elf pyromancer
   975 | D        | Killed a cyclops
   976 | D        | Reached skill level 10 in Fighting
   976 | D        | Reached skill level 10 in Armour
   976 | D        | Reached skill level 5 in Invocations
   976 | D        | Reached XP level 8. HP: 81/81 MP: 9/11
   979 | D        | Killed a cyclops
   980 | D        | Reached skill level 11 in Fighting
   980 | D        | Reached skill level 10 in Axes
   982 | D        | Killed a slime creature
   988 | D        | Killed a purple ugly thing
   988 | D        | Reached *** piety under Cheibriados
   993 | D        | Reached skill level 12 in Fighting
   993 | D        | Reached XP level 9. HP: 62/90 MP: 11/13
   996 | D        | Killed a deep elf pyromancer
   996 | D        | Reached **** piety under Cheibriados
  1596 | D        | Noticed a cane toad
  1596 | D        | Noticed a torpor snail
  1596 | D        | Noticed a black mamba
  1598 | D        | Reached skill level 10 in Shields
  1598 | D        | Killed a cane toad
  1600 | D        | Reached ***** piety under Cheibriados
  1600 | D        | Noticed a cane toad
  1601 | D        | Noticed a polar bear
  1607 | D        | Killed a torpor snail
  1608 | D        | Reached skill level 13 in Fighting
  1608 | D        | Reached skill level 10 in Dodging
  1610 | D        | Killed a black mamba
  1619 | D        | Killed a cane toad
  1620 | D        | Reached XP level 10. HP: 79/101 MP: 14/16
  1634 | D        | Noticed a five-headed hydra
  1634 | D        | Noticed a torpor snail
  1634 | D        | Noticed a lindwurm
  1634 | D        | Noticed a black mamba
  1635 | D        | Reached ****** piety under Cheibriados
  1635 | D        | Killed a black mamba
  1637 | D        | Reached skill level 14 in Fighting
  1637 | D        | Reached skill level 10 in Invocations
  1637 | D        | Killed a six-headed hydra
  1641 | D        | Killed a torpor snail
  1643 | D        | Killed a lindwurm
  2135 | D        | Noticed a cane toad
  2135 | D        | Noticed a cane toad
  2137 | D        | Killed a cane toad
  2137 | D        | Killed a cane toad
  2137 | D        | Noticed a cane toad
  2138 | D        | Reached skill level 15 in Fighting
  2141 | D        | Reached XP level 11. HP: 104/112 MP: 8/18
  2224 | D        | Noticed Eustachio
  2231 | D        | Killed Eustachio
  2296 | D        | Noticed an orc knight
  2305 | D        | Killed an orc knight
  2345 | D        | Noticed an orc knight
  2345 | D        | Noticed an orc high priest
  2351 | D        | Killed an orc knight
  2352 | D        | Reached skill level 15 in Axes
  2352 | D        | Killed an orc high priest
  2355 | D        | Noticed an orc high priest
  2365 | D        | Killed an orc high priest
  2366 | D        | Reached skill level 16 in Fighting
  2557 | D        | Found Eriar's Armour Emporium.
  2557 | D        | Noticed an orc high priest
  2558 | D        | Noticed an orc high priest
  2559 | D        | Killed an orc high priest
  2560 | D        | Noticed an orc high priest
  2561 | D        | Found Osiset's General Store.
  2563 | D        | Noticed a sixfirhy
  2567 | D        | Noticed an orc high priest
  2568 | D        | Killed an orc high priest
  2569 | D        | Found Vitwuymn's Antique Weapon Emporium.
  2571 | D        | Killed an orc high priest
  2582 | D        | Killed an orc high priest
  2838 | D        | Found Limil's Jewellery Shoppe.
  2843 | D        | Noticed an orc high priest
  2852 | D        | Killed an orc high priest
  2959 | D        | Bought the amulet "Qahium" {Reflect rN+ Int+2 SH+5} for 454
                  | gold pieces
  2959 | D        | Bought a +4 ring of evasion for 360 gold pieces
  3094 | D        | Got the +1 pair of boots "Quonoumy" {Int+4}
  3170 | D        | Noticed a deep elf pyromancer
  3170 | D        | Noticed a centaur warrior
  3176 | D        | Killed a deep elf pyromancer
  3177 | D        | Reached skill level 17 in Fighting
  3177 | D        | Noticed a frost giant
  3178 | D        | Killed a centaur warrior
  3179 | D        | Reached XP level 12. HP: 102/125 MP: 15/20
  3179 | D        | Noticed a stone giant
  3189 | D        | Killed a frost giant
  3190 | D        | Noticed a cyan very ugly thing
  3191 | D        | Killed a stone giant
  3192 | D        | Noticed a stone giant
  3202 | D        | Killed a white very ugly thing
  3203 | D        | Reached skill level 15 in Dodging
  3213 | D        | Killed a stone giant
  3214 | D        | Reached skill level 18 in Fighting
  3723 | D        | Noticed Nessos
  3724 | D        | Killed Nessos
  3762 | D        | Noticed Nergalle
  3766 | D        | Killed Nergalle
  4052 | D        | Noticed a merfolk avatar
  4057 | D        | Reached skill level 15 in Armour
  4061 | D        | Killed a merfolk avatar
  4120 | D        | Noticed a five-headed hydra
  4124 | D        | Reached skill level 19 in Fighting
  4128 | D        | Noticed a shambling mangrove
  4131 | D        | Reached skill level 15 in Invocations
  4131 | D        | Reached XP level 13. HP: 95/137 MP: 1/23
  4580 | D        | Reached skill level 15 in Shields
  4584 | D        | Reached skill level 20 in Fighting
  5089 | D        | Noticed a stone giant
  5089 | D        | Noticed a fire dragon
  5089 | D        | Noticed a spark wasp
  5098 | D        | Killed a stone giant
  5101 | D        | Noticed a sphinx
  5106 | D        | Killed a fire dragon
  5111 | D        | Killed a spark wasp
  5112 | D        | Reached skill level 21 in Fighting
  5131 | D        | Killed a sphinx
  5131 | D        | Noticed a vampire knight
  5134 | D        | Noticed a fire dragon
  5134 | D        | Noticed a fire dragon
  5148 | D        | Killed a fire dragon
  5154 | D        | Paralysed by something for 3 turns
  5160 | D        | Killed a vampire knight
  5161 | D        | Reached XP level 14. HP: 18/152 MP: 7/25
  5161 | D        | Noticed a frost giant
  5183 | D        | Killed from afar by a frost giant

Illustrated notes

Levels and vault maps discovered:
D:        linesprint [early_d, line_temple, items_1, d_10, items_2, lair_1,
          lair_end, items_3, orc_1, orc_end, items_4, d_15, swamp_1, shoals_1,
          snake_1, spider_1, d_20, vaults_1, items_5, swamp_end, shoals_end,
          snake_end, spider_end, vaults_end, d_27, items_6, zot_1, zot_end,
          crypt_end, forest_end, elf_end, slime_end, tomb_end, abyss_end,
          pan_hell_end]

Skill      XL: |  1  2  3  4  5  6  7  8  9 10 11 12 13 |
---------------+----------------------------------------+-----
Fighting       | 4 6 7 8 9 10 12 13 15 17 19 21 | 21.9
Axes           | 3 5 6 8 9 11 12 14 16 18 | 18.0
Armour         | 5 7 8 9 10 11 12 14 15 17 | 17.3
Shields        | 4 6 7 8 9 10 11 13 14 16 | 16.5
Dodging        | 1 2 3 5 6 8 10 12 14 16 19 | 19.4
Invocations    | 2 4 5 7 9 11 13 15 17 | 17.8

Action                   |  1- 3 |  4- 6 |  7- 9 | 10-12 | 13-15 || total
-------------------------+-------+-------+-------+-------+-------++-------
Melee: War axe           |    24 |     6 |       |       |       ||    30
       Headbutt          |     4 |     5 |    11 |    28 |    39 ||    87
       Broad axe         |       |    16 |    60 |   129 |   115 ||   320
Invok: Slouch            |       |       |       |    34 |    10 ||    44
       Bend Time         |       |       |       |     1 |       ||     1
Evoke: Wand              |       |       |       |     6 |     1 ||     7
  Use: Potion            |     1 |       |       |     6 |     3 ||    10
       Scroll            |       |       |       |       |     2 ||     2
Armor: Scale mail        |    11 |       |       |       |       ||    11
       Chain mail        |       |     9 |    16 |    19 |       ||    44
       Plate armour      |       |       |       |    11 |    12 ||    23
Dodge: Dodged            |    16 |    10 |    26 |    61 |    60 ||   173
Block: Buckler           |     9 |     9 |    18 |    29 |       ||    65
       Tower shield      |       |       |       |    59 |   128 ||   187
       Reflection        |       |       |       |     5 |     4 ||     9
